 Dungeon Crawl Stone Soup version 0.30-a0-779-g7971cf19c3 (webtiles) character file.

Game seed: 11584340406891882943

44480 Leeroy the Fencer (level 14, -8/77 HPs)
             Began as a Vine Stalker Warper on Feb 17, 2023.
             Was a High Priest of Wu Jian.
             Mangled by a komodo dragon (15 damage)
             ... on level 5 of the Lair of Beasts.
             The game lasted 00:25:54 (17191 turns).

Leeroy the Fencer (Vine Stalker Warper)            Turns: 17191, Time: 00:25:55

Health: -8/77      AC: 19    Str: 14    XL:     14   Next: 28%
Magic:  0/38       EV: 11    Int: 13    God:    Wu Jian [*****.]
Gold:   619        SH:  0    Dex: 19    Spells: 25/33 levels left

rFire   + + +      SeeInvis .    V - +9 scimitar (holy)
rCold   x x .      Faith    .    D - orb {*Rage}
rNeg    . . .      Spirit   +    U - +0 fire dragon scales
rPois   .          Reflect  .    l - +2 hat {Will+}
rElec   .          Harm     .    Z - +1 cloak {rF+}
rCorr   .          Rampage  .    p - +2 pair of gloves
Will    ++...      Rage     20%  a - +2 pair of boots "Nousad" {Slay+2} Stlth
                                 Y - amulet of magic regeneration
HPRegen 1.12/turn                n - ring of fire
MPRegen 0.66/turn                N - ring of magical power

@: on berserk cooldown
A: fangs 3, regeneration 1, magic shield, antimagic bite, no potion heal 2
a: Renounce Religion, Wall Jump, Serpent's Lash, Heavenly Storm


You were on level 5 of the Lair of Beasts.
You worshipped Wu Jian.
Wu Jian was extremely pleased with you.
You visited 2 branches of the dungeon, and saw 16 of its levels.
You also visited: Volcano.

You collected 1111 gold pieces.
You spent 492 gold pieces at shops.

Inventory:

Hand Weapons
 z - a +6 short sword of speed
 F - a +1 rapier of venom
 V - a +9 scimitar of holy wrath (weapon)
 X - a +1 scimitar of flaming
Missiles
 b - a curare-tipped dart
 d - 10 boomerangs of dispersal
 f - 8 poisoned darts
 k - 8 javelins
Armour
 a - the +2 pair of boots "Nousad" (worn) {Slay+2}
   (You acquired it on level 8 of the Dungeon)

   Slay:      It affects your accuracy & damage with ranged weapons and melee
   (+2).
 g - a +2 ring mail of poison resistance
 l - a +2 hat of willpower (worn)
 p - a +2 pair of gloves (worn)
 D - an orb of wrath (worn)
 O - the +6 scale mail of the Wasteland {rC+ MP+9 SInv}
   (You found it on level 8 of the Dungeon)

   rC:        It protects you from cold.
   MP:        It affects your magic capacity (+9).
   SInv:      It lets you see invisible.
 U - +0 fire dragon scales (worn)
 Z - a +1 cloak of fire resistance (worn)
Jewellery
 e - a ring of resist corrosion
 n - a ring of fire (left hand)
 G - a ring of protection from cold
 N - a ring of magical power (right hand)
 T - a +6 ring of intelligence
 Y - an amulet of magic regeneration (around neck)
Wands
 y - a wand of roots (15)
 K - a wand of polymorph (10)
 L - a wand of quicksilver (25)
 S - a wand of digging (3)
Scrolls
 c - 3 scrolls of blinking
 j - 5 scrolls of noise
 m - 2 scrolls of fog
 o - 4 scrolls of poison
 r - 5 scrolls of fear
 v - a scroll of vulnerability
 x - a scroll of brand weapon
 B - a scroll of magic mapping
 H - 2 scrolls of immolation
 I - 2 scrolls of butterflies
 Q - 4 scrolls of teleportation
 W - a scroll of torment
Potions
 h - a potion of berserk rage {unknown}
 i - 6 potions of lignification
 q - 11 potions of curing
 s - 4 potions of might {unknown}
 t - 3 potions of mutation {unknown}
 u - 4 potions of heal wounds {unknown}
 w - 2 potions of resistance {unknown}
 A - 2 potions of ambrosia {unknown}
 C - a potion of cancellation {unknown}
 E - 4 potions of brilliance {unknown}
 J - 2 potions of attraction {unknown}
 M - 3 potions of degeneration {unknown}
 R - 4 potions of haste {unknown}
Miscellaneous
 P - a condenser vane


   Skills:
 - Level 10.2 Fighting
 - Level 17.0 Long Blades
 - Level 0.8 Throwing
 - Level 2.1 Armour
 - Level 5.3 Dodging
 + Level 10.3 Spellcasting
 - Level 3.0 Translocations


You had 25 spell levels left.
You knew the following spells:

 Your Spells              Type           Power      Damage    Failure   Level
a - Blink                 Tloc           28%        N/A       26%         2
b - Vhi's Electric Charg  Tloc/Air       20%        N/A       69%         3
c - Dazzling Flash        Conj/Hex       12%        N/A       88%         3

Your spell library contained the following spells:

 Spells                   Type           Power      Damage    Failure   Level
 Lesser Beckoning         Tloc           28%        N/A       26%         2
 Teleport Other           Tloc           14%        N/A       47%         3
 Necrotise                Necr           24%        1d5       52%         1
 Sting                    Tmut/Pois      24%        1d4       52%         1
 Poisonous Vapours        Pois/Air       12%        N/A       67%         2
 Manifold Assault         Tloc           14%        N/A       87%         4
 Passage of Golubria      Tloc           14%        N/A       87%         4
 Tukima's Dance           Hex            6%         N/A       88%         3
 Vampiric Draining        Necr           6%         2d6       88%         3
 Olgreb's Toxic Radiance  Pois           6%         N/A       99%         4
 Agony                    Necr           6%         N/A       100%        5
 Silence                  Hex/Air        3%         N/A       100%        5
 Yara's Violent Unravell  Hex/Tmut       3%         3d4       100%        5
 Storm Form               Tmut/Air       3%         N/A       100%        7


Dungeon Overview and Level Annotations

Branches:
Dungeon (11/15)            Temple (0/1) D:6            Lair (5/5) D:10
 Shoals (0/4) Lair:2       Spider (0/4) Lair:3        Slime (0/5) Lair:4
    Orc (0/2) D:11        Volcano (visited)

Altars:
Kikubaaqudgha
Qazlal
Ru
Sif Muna
Uskayaw
Vehumet
Wu Jian
The Shining One

Shops:
D:4 (   D:10 ?   D:11 [

Annotations:
D:10 2 transporters, rlgrobin's ghost, novice MeFi
Lair:1 exclusion: oklob plant


Innate Abilities, Weirdness & Mutations

You have razor-sharp teeth.
Your natural rate of healing is unusually fast.
When hurt, damage is shared between your health and your magic reserves.
Your bite disrupts and absorbs the magic of your enemies.
Potions cannot restore your health.


Message History

The komodo dragon bites you but does no damage.
The yak gores you! The yak gores you.
The water moccasin bites you but does no damage.
The komodo dragon bites you!
You are too injured to fight recklessly!
You are too injured to fight recklessly!
You are too injured to fight recklessly!
You are too injured to fight recklessly!
You are too injured to fight recklessly!
You are too injured to fight recklessly!
You spin and attack the water moccasin.
You slash the water moccasin! Your bite misses the water moccasin.
The water moccasin is severely wounded.
You spin and attack the komodo dragon.
You closely miss the komodo dragon.
The komodo dragon is severely wounded.
You feel very sick.
The water moccasin bites you but does no damage.
The komodo dragon barely misses you. The water moccasin bites you.
You are more poisoned.
The water moccasin poisons you! The komodo dragon bites you!
* * * LOW HITPOINT WARNING * * *
You spin and attack the komodo dragon repeatedly.
You slash the komodo dragon!
The komodo dragon is moderately wounded.
You closely miss the komodo dragon.
The komodo dragon is moderately wounded.
You spin and attack the komodo dragon repeatedly.
You slice the komodo dragon!!
You kill the komodo dragon!
The Council accepts your kill.
You feel yourself speed up.
* * * LOW HITPOINT WARNING * * *
You feel extremely sick. The komodo dragon bites you!!
* * * LOW HITPOINT WARNING * * *
The water moccasin misses you.
Your system rejects the healing.
You feel better.
The water moccasin bites you but does no damage.
The komodo dragon bites you!!
You die...

### #** ##*#.## *#.###.##..### ##
**.........#..# ######.
*,.......Y@..#* ##..)... ***
**,.......lS..## ###.#..... *,*
*,,.......Y#...####.........
,*****,,.....#.##.....##..†......
,,,,*,,,.......*##............#..
,,,,,,,,....#.#* ##.....###..###.
**,,,,,,.#.*##* #......##### #.
**,,,,,,#** #.....## #. ***,,,**
##....#* ##


You could see a komodo dragon, 2 yaks and a water moccasin.

Vanquished Creatures
  Gastronok (Lair:1)
  4 hydras
  A boulder beetle (Lair:2)
  Erica (D:8)
  A catoblepas (Lair:2)
  4 two-headed ogres
  5 death yaks
  Amaemon (D:8)
  A skyshark (Lair:3)
  10 elephants
  A manticore (D:11)
  A cyclops (D:11)
  3 salamanders (Volcano)
  A merfolk siren (Lair:2)
  6 black mambas
  A torpor snail (Lair:1)
  An orange demon (D:8)
  9 cane toads
  A gargoyle (D:10)
  An unseen horror (D:11)
  2 rime drakes (Lair:4)
  7 komodo dragons
  2 polar bears
  Grinder (D:4)
  3 hornets
  2 trolls
  15 blink frogs
  4 dream sheep (Lair:4)
  3 culicivoras (Lair:3)
  A vampire (D:9)
  Sigmund (D:4)
  2 shadows
  9 wyverns
  20 yaks
  2 fire bats (Volcano)
  4 basilisks
  Grum (Lair:1)
  2 steam dragons
  Menkaure (D:7)
  2 acid dragons
  18 water moccasins
  A hell hound (Volcano)
  4 orc warriors
  Duvessa (D:6)
  An ice beast (D:7)
  2 sky beasts (D:7)
  2 black bears
  10 wolves
  2 centaurs
  A kobold brigand (D:9)
  Blork the orc (D:4)
  16 bullfrogs
  2 gnoll sergeants
  4 scorpions
  3 necrophages
  4 wights (D:7)
  Dowan (D:6)
  13 killer bees
  5 howler monkeys
  6 hounds
  2 jellies
  4 orc priests
  4 iguanas
  8 orc wizards
  21 gnolls
  8 adders
  A shadow imp (D:6)
  3 white imps
  2 ufetubi (D:4)
  5 worms
  2 dart slugs
  38 orcs
  4 bats (D:1)
  8 endoplasms
  5 giant cockroaches
  7 goblins
  12 hobgoblins
  6 jackals
  3 quokkas
  5 ball pythons
  4 frilled lizards
  11 kobolds
  3 rats (D:1)
401 creatures vanquished.

Vanquished Creatures (others)
  65 fungi
  112 plants
177 creatures vanquished.

Grand Total: 578 creatures vanquished

Notes
Turn   | Place    | Note
-------+----------+-------------------------------------------
     0 | D:1      | Leeroy the Vine Stalker Warper began the quest for the Orb.
     0 | D:1      | Reached XP level 1. HP: 11/11 MP: 4/4
    46 | D:1      | Reached skill level 2 in Long Blades
    46 | D:1      | Reached XP level 2. HP: 8/15 MP: 6/6
   151 | D:1      | Learned a level 2 spell: Blink
   176 | D:1      | Reached skill level 3 in Long Blades
   176 | D:1      | Reached XP level 3. HP: 16/18 MP: 5/7
   475 | D:1      | Learned a level 3 spell: Vhi's Electric Charge
   699 | D:2      | Gained mutation: Your natural rate of healing is unusually
                  | fast. [Vine Stalker growth]
   699 | D:2      | Reached XP level 4. HP: 13/23 MP: 2/8
   773 | D:2      | Reached skill level 4 in Long Blades
  1130 | D:2      | Reached XP level 5. HP: 26/26 MP: 9/9
  1209 | D:2      | Found a faded altar of an unknown god.
  1371 | D:2      | Learned a level 3 spell: Dazzling Flash
  1685 | D:3      | Found a sacrificial altar of Ru.
  1691 | D:3      | Found a radiant altar of Vehumet.
  1691 | D:3      | Found a glowing golden altar of the Shining One.
  1695 | D:3      | Found an ancient bone altar of Kikubaaqudgha.
  1759 | D:3      | Found a stormy altar of Qazlal.
  1811 | D:3      | Reached skill level 5 in Long Blades
  2021 | D:3      | Reached skill level 1 in Armour
  2437 | D:4      | Reached XP level 6. HP: 28/30 MP: 8/10
  2457 | D:4      | Noticed Sigmund
  2471 | D:4      | Noticed Grinder
  2473 | D:4      | Killed Sigmund
  2479 | D:4      | Paralysed by Grinder for 3 turns
  2506 | D:4      | Killed Grinder
  2507 | D:4      | Reached XP level 7. HP: 6/34 MP: 2/11
  2575 | D:4      | Noticed Blork the orc
  2586 | D:4      | Killed Blork the orc
  2608 | D:4      | Found Lalol's Weapon Boutique.
  3007 | D:5      | Entered Level 5 of the Dungeon
  3011 | D:5      | Reached skill level 5 in Dodging
  3155 | D:5      | Gained mutation: You have razor-sharp teeth. [Vine Stalker
                  | growth]
  3155 | D:5      | Reached XP level 8. HP: 39/39 MP: 9/12
  3858 | D:5      | Found a shimmering blue altar of Sif Muna.
  3952 | D:5      | Found an ornate altar of the Wu Jian Council.
  3962 | D:5      | Became a worshipper of the Wu Jian Council
  4276 | D:6      | You fall into a shaft and drop 2 floors!
  4293 | D:8      | Reached skill level 5 in Fighting
  4422 | D:8      | Noticed a wyvern
  4437 | D:8      | Killed a wyvern
  4680 | D:8      | Identified the +6 scale mail of the Wasteland {rC+ MP+9
                  | SInv}
  4753 | D:8      | Noticed Amaemon
  4756 | D:8      | Noticed an orange demon
  4772 | D:8      | Killed Amaemon
  4773 | D:8      | Reached XP level 9. HP: 51/51 MP: 13/13
  4795 | D:8      | Killed an orange demon
  4973 | D:7      | Noticed Menkaure
  4979 | D:7      | Killed Menkaure
  4979 | D:7      | Reached * piety under Wu Jian
  5397 | D:6      | Reached skill level 10 in Fighting
  5397 | D:6      | Reached XP level 10. HP: 59/59 MP: 14/14
  5731 | D:6      | Noticed Duvessa
  5760 | D:6      | Killed Duvessa
  6203 | D:6      | Found a staircase to the Ecumenical Temple.
  6305 | D:6      | Reached skill level 6 in Long Blades
  6464 | D:6      | Noticed Dowan
  6468 | D:6      | Killed Dowan
  6756 | D:7      | Reached ** piety under Wu Jian
  6902 | D:7      | Paralysed by a hornet for 1 turns
  7726 | D:8      | Noticed Erica
  7734 | D:8      | Killed Erica
  7735 | D:8      | Reached skill level 5 in Spellcasting
  7951 | D:8      | Identified a scroll of acquirement
  7951 | D:8      | Acquired the +2 pair of boots "Nousad" {Slay+2}
  8483 | D:9      | Reached skill level 7 in Long Blades
  8841 | D:10     | Entered Level 10 of the Dungeon
  8841 | D:10     | Found Dumeac's Magic Scroll Shoppe.
  8967 | D:10     | Reached skill level 8 in Long Blades
  8969 | D:10     | Reached XP level 11. HP: 63/63 MP: 21/21
  9008 | D:10     | Found a staircase to the Lair.
  9034 | D:10     | Paralysed by a hornet for 3 turns
  9152 | D:10     | Reached skill level 9 in Long Blades
  9207 | D:10     | Noticed rlgrobin's ghost (novice MeFi)
  9214 | D:10     | Found a transporter.
  9316 | D:10     | Found a transporter.
  9619 | D:10     | Reached *** piety under Wu Jian
  9988 | D:11     | Noticed a two-headed ogre
  9992 | D:11     | Killed a two-headed ogre
  9994 | D:11     | Found Yqatzop's Armour Boutique.
  9994 | D:11     | Found a staircase to the Orcish Mines.
  9994 | D:11     | Noticed a cyclops
 10009 | D:11     | Killed a cyclops
 10010 | D:11     | Reached skill level 10 in Long Blades
 10114 | D:11     | Noticed a manticore
 10123 | D:11     | Killed a manticore
 10344 | D:11     | Reached skill level 11 in Long Blades
 10625 | D:11     | Noticed a two-headed ogre
 10632 | D:11     | Killed a two-headed ogre
 11094 | D:4      | Bought a +8 scimitar of holy wrath for 492 gold pieces
 11210 | Lair:1   | Entered Level 1 of the Lair of Beasts
 11445 | Lair:1   | Noticed Grum
 11453 | Lair:1   | Reached XP level 12. HP: 67/67 MP: 22/22
 11456 | Lair:1   | Reached skill level 12 in Long Blades
 11460 | Lair:1   | Killed Grum
 11466 | Lair:1   | Found a hide-covered altar of Uskayaw.
 11760 | Lair:1   | Reached skill level 13 in Long Blades
 11775 | Lair:1   | Reached **** piety under Wu Jian
 11854 | Lair:1   | Noticed Gastronok
 11874 | Lair:1   | Killed Gastronok
 12500 | Lair:2   | Reached skill level 14 in Long Blades
 12505 | Lair:2   | Found a staircase to the Shoals.
 12578 | Lair:2   | Noticed a death yak
 12578 | Lair:2   | Noticed a death yak
 12579 | Lair:2   | Noticed a death yak
 12594 | Lair:2   | Killed a death yak
 12595 | Lair:2   | Noticed a death yak
 12595 | Lair:2   | Noticed a death yak
 12595 | Lair:2   | Noticed a five-headed hydra
 12617 | Lair:2   | Killed a death yak
 12622 | Lair:2   | Killed a five-headed hydra
 12631 | Lair:2   | Killed a death yak
 12648 | Lair:2   | Killed a death yak
 12649 | Lair:2   | Reached skill level 15 in Long Blades
 12649 | Lair:2   | Reached XP level 13. HP: 33/72 MP: 23/23
 12960 | Lair:2   | Identified the +8 quarterstaff "Xifac" {heavy, rElec}
 14047 | Lair:3   | Reached skill level 16 in Long Blades
 14667 | Lair:3   | Found a hole to the Spider Nest.
 15690 | Lair:4   | Reached skill level 17 in Long Blades
 16214 | Lair:4   | Found a staircase to the Slime Pits.
 16352 | Lair:5   | Entered Level 5 of the Lair of Beasts
 16430 | Lair:5   | Reached XP level 14. HP: 50/77 MP: 27/27
 16430 | Lair:5   | Reached ***** piety under Wu Jian
 16572 | Lair:5   | Found a dark tunnel.
 16607 | Volcano  | Entered a volcano
 17089 | Lair:5   | Reached skill level 10 in Spellcasting
 17191 | Lair:5   | Mangled by a komodo dragon

Illustrated notes

Levels and vault maps discovered:
D:1:      dpeg_arrival_stone_temple_mockup, layout_rooms
D:2:      layout_basic, ebering_ecumenical_altar_rust, serial_bayou,
          serial_bayou_pond_d, serial_bayou_crossing, serial_bayou_pond_b,
          serial_bayou_shore_b
D:3:      layout_loops_ring, mainiacjoe_overflow_chevrons, minitemple
D:4:      layout_rooms, serial_shops, nicolae_shop_stone, uniq_sigmund,
          uniq_grinder, uniq_blork_the_orc
D:5:      layout_basic, hangedman_feature_mirror
D:6:      cheibrodos_helix_gallery, layout_cave_pods,
          minmay_temple_entry_sparse_star, serial_glass, glass_columns_b,
          glass_columns_b, uniq_duvessa
D:7:      layout_loops_ring, uniq_menkaure
D:8:      layout_loops_ring, uniq_erica, uniq_amaemon
D:9:      layout_roguey
D:10:     layout_basic, due_lair_maze_entry_diamond, gammafunk_ghost_stat_death,
          glass_columns_b, nicolae_stop_n_shop_1
D:11:     layout_long_grid, orc_david_3, st_stairs_13
Lair:1:   layout_loops_ring, lemuel_oklob_altar, grunt_megastairs_5,
          uniq_gastronok, uniq_grum
Lair:2:   layout_cave_pods, minmay_shoals_entry_lonely_mermaid,
          nicolae_lair_grazing_beasts [nicolae_sub_lair_graze_edge,
          nicolae_sub_lair_graze_edge, nicolae_sub_lair_graze_edge,
          nicolae_sub_lair_graze_edge], lemuel_fruit_tree,
          infiniplex_staircase_pool_2, lemuel_fruit_fields
Lair:3:   layout_chaotic_city, hellmonk_spider_entry_life_and_decay
Lair:4:   layout_cellular_growth, slime_entry_1
Lair:5:   hangedman_lair_tendril_chambers, layout_layer_cave, enter_volcano_2

Skill      XL: |  1  2  3  4  5  6  7  8  9 10 11 12 13 14 |
---------------+-------------------------------------------+-----
Long Blades    | 2 3 4 5 8 11 15 17 | 17.0
Armour         | 2 |  2.1
Dodging        | 4 5 |  5.3
Fighting       | 2 7 10 | 10.2
Spellcasting   | 6 8 10 | 10.3
Throwing       | |  0.8
Translocations | |  3.0

Action                     |  1- 3 |  4- 6 |  7- 9 | 10-12 | 13-15 || total
---------------------------+-------+-------+-------+-------+-------++-------
  Melee: Falchion          |    88 |    79 |       |       |       ||   167
         Bite              |    19 |    50 |    67 |   242 |   240 ||   618
         Punch             |     1 |       |       |       |       ||     1
         Dagger            |       |    95 |    19 |       |       ||   114
         Short sword       |       |       |   209 |   617 |   471 ||  1297
         Scimitar          |       |       |       |       |    43 ||    43
  Throw: Boomerang         |       |       |       |     1 |       ||     1
   Cast: Blink             |       |       |       |       |     1 ||     1
 Invoke: Serpent's Lash    |       |       |       |       |     1 ||     1
Ability: Lunge             |       |       |    14 |    34 |    25 ||    73
         Whirlwind         |       |       |       |     2 |    65 ||    67
    Use: Scroll            |       |       |       |    17 |     3 ||    20
         Potion            |       |       |       |       |     2 ||     2
 Armour: Leather armour    |     7 |       |       |       |       ||     7
         Ring mail         |    46 |    38 |    18 |       |       ||   102
         Scale mail        |       |       |    25 |   118 |   101 ||   244
         Fire dragon scale |       |       |       |       |    24 ||    24
  Dodge: Dodged            |    64 |   106 |    90 |   173 |   133 ||   566

Table legend: (Time is in decaauts)
 A = Elapsed time spent in this place.
 B = Non-inter-level travel time spent in this place.
 C = Inter-level travel time spent in this place.
 D = Time resting spent in this place.
 E = Time spent auto-exploring this place.
 F = Levels seen in this place.
 G = Mean time per level.
                   A        B        C        D        E       F      G
               +--------+--------+--------+--------+--------+-----+--------+
         Total |  17538 |  16538 |   1000 |   4242 |   9748 |  17 | 1031.6 |
       Dungeon |  11474 |  10679 |    795 |   2663 |   6323 |  11 | 1043.1 |
          Lair |   5625 |   5420 |    205 |   1528 |   3155 |   5 | 1125.0 |
       Volcano |    437 |    437 |      0 |     50 |    269 |   1 |  437.0 |
               +--------+--------+--------+--------+--------+-----+--------+

Top non-repeatable levels by time:
     D:5: 1675 daAuts
  Lair:2: 1523 daAuts
     D:6: 1347 daAuts
     D:7: 1293 daAuts
  Lair:1: 1290 daAuts
  Lair:4: 1253 daAuts
    D:10: 1246 daAuts
  Lair:3: 1105 daAuts
    D:11: 1021 daAuts
     D:8: 963 daAuts
     D:9: 897 daAuts
     D:1: 865 daAuts
     D:2: 823 daAuts
     D:3: 684 daAuts
     D:4: 656 daAuts
